 Dungeon Crawl Stone Soup version 0.17-a0-1572-g7a1422d (webtiles) character file.

4209 JohnySteed the Grappler (level 10, -11/88 HPs)
             Began as a Troll Monk on July 25, 2015.
             Killed by the air
             ... invoked by Gastronok
              (17 damage)
             ... on level 9 of the Dungeon.
             The game lasted 00:27:56 (7432 turns).

JohnySteed the Grappler (Troll Monk)                Turns: 7432, Time: 00:27:56

Health: -11/88     AC: 13    Str: 21    XL:     10   Next: 8%
Magic:  9/9        EV: 14    Int:  6    God:
Gold:   546        SH:  0    Dex: 15    Spells: 0 memorised, 9 levels left

rFire  . . .     SeeInvis .       - Unarmed
rCold  . . .     Clarity  .     a - +1 robe
rNeg   . . .     SustAt   .     (no shield)
rPois  .         Gourm    +     (helmet restricted)
rElec  +         Spirit   .     o - +0 cloak
rCorr  .         Warding  .     (gloves unavailable)
rMut   .         Stasis   .     (boots unavailable)
MR     +....                    (no amulet)
Stlth  +.........               m - ring of protection from magic
                                n - +2 ring of protection

@: drained, somewhat resistant to hostile enchantments, very unstealthy
A: unfitting armour, claws 3, iridescent scales 1, blurry vision 1, fast
metabolism 3, frail 1, gourmand, regeneration 2, shaggy fur 1, electricity
resistance, tough skin 2
a: no special abilities


You were on level 9 of the Dungeon.
You were very full.

You visited 1 branch of the dungeon, and saw 9 of its levels.

You collected 546 gold pieces.

Inventory:

Missiles
 k - 5 poisoned tomahawks (quivered)
Armour
 a - a +1 robe (worn)
 o - a +0 cloak (worn)
 t - a +0 shield
Jewellery
 m - a ring of protection from magic (right claw)
 n - a +2 ring of protection (left claw)
 G - an uncursed ring of ice {unknown}
Magical devices
 r - a wand of flame (31)
 s - a wand of lightning (9)
 w - a wand of magic darts (31)
 A - a wand of frost (18)
 C - a wand of digging (6)
 H - a wand of polymorph (14)
 I - a wand of confusion (36)
Scrolls
 d - 2 scrolls of magic mapping
 e - 3 scrolls of teleportation
 g - a scroll of random uselessness
 h - a scroll of fog
 i - a scroll of amnesia
 j - a scroll of enchant armour
 l - 3 scrolls of remove curse
 q - 5 scrolls of identify {unknown}
 u - 3 scrolls of blinking {unknown}
 v - 4 scrolls of recharging {unknown}
 y - a scroll of noise {unknown}
 B - 2 scrolls of vulnerability {unknown}
 F - 3 scrolls of enchant weapon {unknown}
Potions
 c - 5 potions of curing
 D - a potion of cure mutation {unknown}
 E - a potion of agility {unknown}
 K - a potion of heal wounds
Comestibles
 b - 10 bread rations
 f - 3 meat rations
 p - a beef jerky
 x - 4 fruits
 z - a slice of pizza
 J - 2 chunks of flesh


   Skills:
 + Level 5.7(5.0) Fighting
 + Level 8.3(7.6) Dodging
 - Level 1.1(0.5) Stealth
 * Level 3.8(3.2) Shields
 + Level 9.0(8.2) Unarmed Combat


You had 9 spell levels left.
You didn't know any spells.

Dungeon Overview and Level Annotations

Branches:
Dungeon (9/15)             Temple (0/1) D:7
   Lair: D:8-11         Orc: D:9-12

Altars:
Ashenzari
Dithmenos
Gozag
Qazlal
Trog
Vehumet
Zin
The Shining One

Shops:
D:8 }

Annotations:
D:9 Gastronok


Innate Abilities, Weirdness & Mutations

You are too large for most types of armour.
You have claws for hands.
Your metabolism is lightning-fast.
You like to eat raw meat.
You heal very quickly.
You are covered in fur (AC +1).
You have very tough skin (AC +2).
You are partially covered in iridescent scales (AC +4).
Scrolls take you a little longer to read.
You are frail (-10% HP).
You are resistant to electric shocks.


Message History

You claw Gastronok!
Gastronok is severely wounded.
Gastronok bites you!!
* * * LOW HITPOINT WARNING * * *
You claw Gastronok!
Gastronok is almost dead.
You scratch Gastronok.
Gastronok is almost dead.
You scratch Gastronok.
Gastronok is almost dead.
Gastronok closely misses you.
You completely miss Gastronok.
Gastronok is almost dead.
You claw Gastronok!
Gastronok is almost dead.
Gastronok bites you!!
* * * LOW HITPOINT WARNING * * *
Gastronok waves his eye-stalks in wide circles.
The air twists around and strikes you!
You die...

####### .......
##########
.......####........#
.......w..#....>...#
.......##.@........#
....... ###........#
....... #........#
......( #........#
....... #........#
....... #........#
....... #........#
####'##### #..#


You could see Gastronok.

Vanquished Creatures
  The ghost of Fv001 the Ruffian, an experienced TrBe of Trog (D:6)
  A troll (D:9)
  2 hippogriffs
  A spriggan (D:8)
  2 water moccasins
  A phantom (D:5)
  A sky beast (D:8)
  6 ogres
  An orc warrior (D:8)
  A big kobold (D:8)
  3 centaurs
  A scorpion (D:9)
  A water moccasin skeleton (D:8)
  8 wights
  A giant frog zombie (D:7)
  5 orc wizards
  4 giant frog skeletons
  4 orc priests
  6 hounds
  2 iguanas
  Natasha (twice) (D:3)
  2 gnoll shamans (D:5)
  7 worker ants
  A worker ant zombie (D:5)
  10 gnolls (D:5)
  6 adders
  3 shadow imps
  3 oozes
  3 worms
  5 giant geckos
  36 orcs
  3 ball pythons
  20 bats
  2 bat skeletons
  A bat zombie (D:5)
  3 giant cockroaches
  18 goblins
  8 hobgoblins
  5 quokkas
  A ball python skeleton (D:6)
  A giant newt (D:3)
  16 kobolds
  17 rats
225 creatures vanquished.

Notes
Turn   | Place    | Note
--------------------------------------------------------------
     0 | D:1      | JohnySteed the Troll Monk began the quest for the Orb.
     0 | D:1      | Reached XP level 1. HP: 22/22 MP: 0/0
   195 | D:1      | Reached XP level 2. HP: 29/29 MP: 1/1
   905 | D:2      | Reached XP level 3. HP: 33/36 MP: 2/2
  1271 | D:3      | Noticed Natasha
  1274 | D:3      | Killed Natasha
  1274 | D:3      | Reached skill level 5 in Unarmed Combat
  1274 | D:3      | Reached XP level 4. HP: 44/44 MP: 3/3
  1491 | D:3      | Found a stormy altar of Qazlal.
  1525 | D:3      | Found a radiant altar of Vehumet.
  1696 | D:3      | Noticed Natasha
  1703 | D:3      | Killed Natasha
  1938 | D:4      | Found a bloodstained altar of Trog.
  1938 | D:4      | Noticed an ogre
  1947 | D:4      | Killed an ogre
  1947 | D:4      | Reached XP level 5. HP: 37/50 MP: 4/4
  2093 | D:4      | Reached XP level 6. HP: 59/59 MP: 5/5
  2599 | D:5      | Entered Level 5 of the Dungeon
  2618 | D:5      | Reached skill level 6 in Unarmed Combat
  2754 | D:5      | Reached XP level 7. HP: 67/67 MP: 6/6
  3107 | D:5      | Reached skill level 5 in Dodging
  3588 | D:5      | Found a glowing silver altar of Zin.
  3785 | D:5      | Reached skill level 7 in Unarmed Combat
  4046 | D:5      | Reached XP level 8. HP: 65/78 MP: 7/7
  4275 | D:6      | Found a shattered altar of Ashenzari.
  4278 | D:6      | Found a glowing golden altar of the Shining One.
  4420 | D:6      | Reached skill level 1 in Shields
  4430 | D:6      | Noticed Fv001's ghost (experienced TrBe)
  4581 | D:6      | Killed Fv001's ghost
  4672 | D:6      | Reached XP level 9. HP: 61/87 MP: 8/8
  4903 | D:6      | Found a shadowy altar of Dithmenos.
  5258 | D:7      | Found an opulent altar of Gozag.
  5285 | D:7      | Found a staircase to the Ecumenical Temple.
  5454 | D:7      | Reached skill level 5 in Fighting
  5454 | D:7      | Reached skill level 8 in Unarmed Combat
  6390 | D:8      | Noticed a moth of wrath
  6392 | D:8      | Found a bloodstained altar of Trog.
  6578 | D:8      | Found Neujavar's Gadget Boutique.
  6841 | D:8      | Gained mutation: You are frail (-10% HP). [mutagenic meat]
  6842 | D:8      | Gained mutation: You are resistant to electric shocks. [mutagenic meat]
  6843 | D:8      | Gained mutation: Scrolls take you a little longer to read. [mutagenic meat]
  6844 | D:8      | Gained mutation: You are partially covered in iridescent scales (AC +4). [mutagenic meat]
  7234 | D:9      | Reached XP level 10. HP: 73/87 MP: 9/9
  7284 | D:9      | Reached skill level 9 in Unarmed Combat
  7409 | D:9      | Noticed Gastronok
  7432 | D:9      | Killed from afar by Gastronok

Vault maps used:
D:1:      kilobyte_arrival_exit_the_forest, st_stairs_11
D:3:      old_standard_altar, vehumet_crystals, uniq_natasha
D:4:      overflow_temple_1_default
D:5:      kennysheep_little_box, first_bread
D:6:      grunt_temple_overflow_open, nicolae_overflow_crystal_walls,
          gup_sewer_entry_spiral
D:7:      minmay_temple_entry_enclosed_plants, grunt_gozag_statues
D:8:      serial_shops, nicolae_shop_behind_doors, the_bakery, tgw_trog
D:9:      minmay_lair_entry_lava, serial_shops, nicolae_shop_stone,
          roderic_whirl, uniq_gastronok

Action                   |  1- 3 |  4- 6 |  7- 9 | 10-12 || total
-------------------------+-------+-------+-------+-------++-------
Melee: Unarmed           |    94 |   135 |   456 |    58 ||   743
  Use: Scroll            |       |       |     8 |       ||     8
       Potion            |       |       |     8 |       ||     8
 Stab: Sleeping          |     2 |     3 |     5 |       ||    10
  Eat: Chunk             |    14 |    11 |    46 |     8 ||    79
